cohdb
Replays
Latest Replays
All Replays
Popular Replays
Top Player Replays
Match Explorer
How It Works
Community
CoH3 Stats
Reddit
Sign in to upload your games and track your stats! →
Sign in with Steam
Match 45442792
Unlisted
Match 45442792
Overview
Messages
Build Orders
End
Construct Infanterie Kompanie
Grenadier Squad
Grenadier Squad
Grenadier Squad
MG 42 Machine Gun Team
Infanterie Officer Quarters
Grenadier Squad
Construct Luftwaffe Kompanie
MG 42 Machine Gun Team
221 Scout Car
Support Elements
Selects Breakthrough Battlegroup
Selects Rapid Production
Selects Assault Grenadiers
Selects Breakthrough
Selects Mechanized Assault Group
Mechanized Assault Group
Selects Blitzkrieg
Jäger Squad
Pioneer Squad
Marder III M Tank Destroyer
Wirbelwind Flakpanzer
MadMax
SenkZ
0
0
Comments
sign in to comment!
No comments posted yet!